 Dungeon Crawl Stone Soup version 0.27.0-1-g7a089689b8 (webtiles) character file.

Game seed: 12162793237433840066

322 inmateoo the Slasher (level 6, -6/32 (34) HPs)
             Began as a Deep Elf Fighter on Aug 13, 2021.
             Mangled by a gnoll (11 damage)
             ... on level 3 of the Dungeon.
             The game lasted 00:05:44 (3801 turns).

inmateoo the Slasher (Deep Elf Fighter)             Turns: 3801, Time: 00:05:45

HP:   -6/32 (34)    AC:  8    Str: 13    XL:     6   Next: 22%
MP:   7/7           EV:  8    Int: 13    God:
Gold: 131           SH:  0    Dex: 16    Spells: 5/5 levels left

rFire    . . .     SeeInvis .   a - +0 long sword
rCold    . . .     Faith    .   (no shield)
rNeg     . . .     Spirit   .   b - +0 scale mail
rPois    +         Reflect  .   (no helmet)
rElec    .         Harm     .   j - +0 cloak
rCorr    .         Rampage  .   (no gloves)
Will     .....                  i - +0 pair of boots
Stlth    ..........             (no amulet)
HPRegen  0.10/turn              g - ring of poison resistance
MPRegen  0.10/turn              (no ring)

@: drained
A: frail 1, low mp 1, wild magic 1
a: no special abilities


You were on level 3 of the Dungeon.
You visited 1 branch of the dungeon, and saw 3 of its levels.

You collected 131 gold pieces.

Inventory:

Hand Weapons
 a - a +0 long sword (weapon)
 d - a +2 dagger of draining
Missiles
 l - 27 poisoned darts (quivered)
Armour
 b - a +0 scale mail (worn)
 c - a +0 kite shield
 i - a +0 pair of boots (worn)
 j - a +0 cloak (worn)
Jewellery
 g - a ring of poison resistance (left hand)
Scrolls
 h - a scroll of fog
Potions
 e - a potion of flight


   Skills:
 + Level 3.9 Fighting
 * Level 5.0 Long Blades
 - Level 2.4 Armour
 - Level 2.4 Shields


You had 5 spell levels left.
You didn't know any spells.
Your spell library was empty.

Dungeon Overview and Level Annotations

Branches:
Dungeon (3/15)

Altars:


Innate Abilities, Weirdness & Mutations

You are frail. (-10% HP)
Your magical capacity is low. (-10% MP)
Your spells are a little harder to cast, but a little more powerful.


Message History

You hit the rat.
The rat is heavily wounded.
The rat bites you but does no damage.
You slash the rat!
You kill the rat!
A ball python comes into view.
A frilled lizard comes into view.
The frilled lizard hisses angrily.
A gnoll comes into view. It is wielding a +0 whip.
A gnoll comes into view. It is wielding a +0 halberd.
You see here a rat corpse.
A gnoll comes into view. It is wielding a +0 flail.
The gnoll shouts!
The ball python barely misses you. The ball python grabs you.
The ball python constricts you.
There are monsters nearby!
You escape the ball python's grasp.
You see here a rat corpse.
The ball python bites you but does no damage.
The ball python completely misses you.
You slash the ball python!
You kill the ball python!
You slash the frilled lizard!
You kill the frilled lizard!
The gnoll hits you from afar with a +0 halberd!
A hobgoblin comes into view.
The hobgoblin drinks a potion.
The hobgoblin suddenly seems more resistant.
You closely miss the hobgoblin.
The hobgoblin hits you but does no damage.
The gnoll hits you from afar with a +0 halberd!
* * * LOW HITPOINT WARNING * * *
You hit the hobgoblin.
The hobgoblin is almost dead.
The hobgoblin barely misses you. The gnoll barely misses you.
You barely miss the hobgoblin.
The hobgoblin is almost dead.
The hobgoblin closely misses you.
The gnoll hits you from afar with a +0 halberd!
You die...

#(.#.###..##.# #.....# #.#
#..#.....###.# #.....# #.#
#.....####.#.# #.....# #.#
#.##### #.#.# #.#.### #.# #.#
#.#.# #...# #.#
#.########.#.## ###.# #g#
...........#..## #...## #g#
############...###.#..### #.#
# #..)g@ggg....## #.# #
######..######...#.###.#
#######..)....##..###...#.g..#
........P..........###..#.####
#######....8#...#...##..#.# #
#.8...#..##....#..#.# #
#.#####.##.##..#..#.# #
#....##.#.##..##..#.#
#######.#...#.###...##..#.#


You could see 3 gnolls and a hobgoblin (resistant).

Vanquished Creatures
  A hound (D:2)
  2 orc priests (D:3)
  2 orc wizards
  Natasha (twice) (D:3)
  A hound zombie (D:3)
  2 adders
  2 adder zombies (D:3)
  A worm (D:2)
  7 orcs
  7 endoplasms
  4 giant cockroaches
  8 hobgoblins
  10 jackals
  2 quokkas (D:2)
  7 ball pythons
  5 bats
  6 frilled lizards
  6 goblins
  2 jackal skeletons (D:3)
  4 kobolds
  8 rats
89 creatures vanquished.

Notes
Turn   | Place    | Note
-------+----------+-------------------------------------------
     0 | D:1      | inmateoo the Deep Elf Fighter began the quest for the Orb.
     0 | D:1      | Reached XP level 1. HP: 13/13 MP: 3/3
   236 | D:1      | Reached skill level 2 in Long Blades
   240 | D:1      | Found a faded altar of an unknown god.
   391 | D:1      | Reached XP level 2. HP: 18/18 MP: 4/4
   822 | D:1      | Reached XP level 3. HP: 20/22 MP: 5/5
   967 | D:2      | Reached skill level 3 in Long Blades
  1565 | D:1      | Reached XP level 4. HP: 19/28 MP: 6/6
  2364 | D:3      | Reached skill level 4 in Long Blades
  2364 | D:3      | Reached XP level 5. HP: 29/32 MP: 7/7
  2545 | D:3      | Noticed Natasha
  2565 | D:3      | Killed Natasha
  2682 | D:3      | Noticed Natasha
  2699 | D:3      | Killed Natasha
  3302 | D:3      | Gained mutation: Your spells are a little harder to cast,
                  | but a little more powerful. [potion of mutation]
  3302 | D:3      | Gained mutation: Your magical capacity is low. (-10% MP)
                  | [potion of mutation]
  3302 | D:3      | Gained mutation: You are frail. (-10% HP) [potion of
                  | mutation]
  3315 | D:3      | Reached XP level 6. HP: 13/31 MP: 7/7
  3392 | D:3      | Reached skill level 5 in Long Blades
  3801 | D:3      | Mangled by a gnoll

Illustrated notes

Levels and vault maps discovered:
D:1:      dpeg_arrival_three_smaller_balls, layout_basic,
          ebering_ecumenical_altar_mist
D:2:      kennysheep_big_flooded_room, layout_loops_ring, minmay_fountain_box,
          nrook_mini_vaults, serial_bayou_ford_a, minmay_quantized
D:3:      minmay_evil_eye, layout_loops_ring, serial_undead, serial_undead_f,
          serial_undead_c, serial_undead_e, serial_undead_a, minmay_cupped,
          uniq_natasha, uniq_crazy_yiuf_cottage

Skill      XL: |  1  2  3  4  5  6 |
---------------+-------------------+-----
Long Blades    | 2 3 4 5 |  5.0
Fighting       | 3 |  3.9
Armour         | |  2.4
Shields        | |  2.4

Action                   |  1- 3 |  4- 6 || total
-------------------------+-------+-------++-------
Melee: Long sword        |    89 |   152 ||   241
       Unarmed           |       |     6 ||     6
       Dagger            |       |     9 ||     9
  Use: Scroll            |     4 |     4 ||     8
       Potion            |     1 |     8 ||     9
 Stab: Invisible         |     1 |       ||     1
Armor: Scale mail        |    50 |   104 ||   154
       Skin              |       |    14 ||    14
Dodge: Dodged            |    51 |    76 ||   127
       Rpst.: Long sword |    14 |    21 ||    35
